Map: Nightshade LE

Players

LiquidMaNa (MaNa) - Winner!

  • Race: Protoss Protoss
  • Spawn Location: 5:00

True

  • Race: Zerg Zerg
  • Spawn Location: 11:00

Event: StayAtHomestory Cup #1

VOD

Have the link to the VOD?

Description

Time

  • Played on: April 10, 2020, 6:39 a.m.
  • Length: 7:04

All games in this series

Show
View Real Time Build Order
Export as new Build Order

LiquidMaNa Protoss - Winner!

Build Orders: 1 Gate Expand 

Get SALT Encoding   

  12  0:00  Probe  
  13  0:13  Pylon  
  13  0:18  Probe (Chrono Boost)  
  14  0:27  Probe (Chrono Boost)  
  15  0:32  Probe  
  16  0:40  Gateway  
  16  0:44  Probe  
  17  0:51  Assimilator  
  17  0:56  Probe  
  18  1:01  Pylon  
  17  1:08  Probe  
  18  1:20  Probe  
  19  1:28  Cybernetics Core  
  19  1:38  Nexus  
  19  1:47  Probe, Pylon  
  20  1:54  Assimilator  
  20  1:59  Probe  
  20  2:01  Adept (Chrono Boost)  
  23  2:11  Warp Gate, Probe  
  24  2:21  Adept (Chrono Boost)  
  24  2:23  Probe  
  27  2:35  Probe  
  28  2:39  Twilight Council  
  28  2:45  Adept (Chrono Boost)  
  28  2:48  Probe  
  31  2:52  Probe  
  32  3:00  Probe  
  33  3:16  Robotics Facility  
  33  3:20  Probe x2  
  33  3:26  Resonating Glaives (Chrono Boost)  
  33  3:34  Probe  
  33  3:35  Probe  
  35  3:43  Gateway x2  
  35  3:47  Probe x2  
  37  3:54  Gateway  
  38  4:03  Warp Prism (Chrono Boost)  
  39  4:12  Dark Shrine  
  39  4:17  Adept  
  41  4:19  Probe  
  41  4:22  Probe  
  43  4:27  Pylon  
  43  4:34  Shield Battery  
  43  4:37  Adept  
  45  4:38  Probe  
  46  4:50  Adept x3  
  52  4:54  Pylon  
  52  4:55  Probe  
  52  4:57  Probe  
  54  5:11  Adept  
  54  5:12  Adept  
  54  5:13  Adept x2  
  58  5:15  Probe  
  59  5:26  Assimilator  
  59  5:28  Assimilator  
  59  5:35  Dark Templar x2  
  55  5:43  Probe x2  
  55  5:48  Dark Templar  
  59  5:55  Probe  
  59  5:56  Probe  
  51  6:06  Dark Templar  
  51  6:07  Probe  
  51  6:08  Probe  
  55  6:19  Probe  
  55  6:21  Dark Templar  
  55  6:22  Probe  
  59  6:30  Dark Templar  
  59  6:39  Pylon  
  57  6:42  Nexus  
  57  6:43  Pylon  
  57  6:44  Pylon  
Show
View Real Time Build Order
Export as new Build Order

True Zerg 

Build Orders: Pool First 

Get SALT Encoding   

  12  0:00  Drone  
  13  0:12  Drone  
  14  0:16  Overlord  
  14  0:24  Extractor  
  14  0:25  Drone  
  15  0:51  Drone  
  16  1:03  Drone x2  
  19  1:04  Drone  
  19  1:08  Spawning Pool  
  18  1:15  Drone  
  19  1:24  Hatchery  
  18  1:27  Drone  
  19  1:37  Extractor  
  18  1:50  Hatchery  
  17  1:55  Zergling x4  
  19  2:03  Queen  
  21  2:10  Overlord  
  21  2:21  Drone  
  22  2:29  Zergling x2  
  24  2:30  Zergling x2  
  24  2:38  Queen  
  26  2:50  Queen  
  28  2:58  Zergling x4  
  30  3:05  Zergling x2  
  31  3:06  Drone x2  
  33  3:14  Drone x3  
  33  3:17  Drone  
  33  3:29  Drone x2  
  33  3:32  Drone  
  35  3:37  Drone  
  35  3:40  Drone  
  37  3:43  Drone  
  37  3:46  Drone x3  
  41  3:56  Roach Warren  
  41  3:58  Drone  
  41  3:59  Extractor  
  40  4:03  Drone x2  
  40  4:07  Overlord  
  42  4:11  Overlord  
  42  4:27  Drone  
  42  4:28  Drone x2  
  42  4:29  Drone  
  42  4:30  Drone x2, Overlord  
  50  4:38  Roach x2  
  50  4:40  Overlord  
  50  4:42  Roach  
  56  4:45  Roach  
  56  4:50  Roach x2  
  60  4:53  Roach  
  60  4:55  Roach  
  60  4:58  Overlord  
  64  5:01  Roach  
  64  5:04  Roach  
  69  5:07  Roach  
  69  5:08  Roach  
  65  5:16  Spore Crawler  
  65  5:19  Roach  
  61  5:31  Spore Crawler  
  61  5:34  Spore Crawler  
  56  5:36  Spore Crawler  
  54  5:48  Spore Crawler  
  53  5:55  Spore Crawler  
  52  6:03  Spore Crawler  
  51  6:07  Roach x4  
  58  6:14  Roach  
  51  6:28  Roach  
  47  6:44  Roach  
Tags
 
Add a new tag
Caveats
  • Supply blocks, unpowered buildings, or Contaminate may cause inaccurate times.
  • Supply counts are checked every 10 seconds.